 Dungeon Crawl Stone Soup version 0.31-a0-246-g8cbcc1cb85 (webtiles) character file.

Game seed: 10615212715301454866

339 qw the Shooter (level 6, 0/37 HPs)
             Began as a Gargoyle Hexslinger on July 12, 2023.
             Slain by Menkaure (2 damage)
             ... on level 4 of the Dungeon.
             The game lasted 00:01:20 (2792 turns).

qw the Shooter (Gargoyle Hexslinger)                Turns: 2792, Time: 00:01:21

Health: 0/37       AC:  9    Str: 11 (12) XL:     6   Next: 55%
Magic:  7/7        EV: 10    Int: 13      God:
Gold:   195        SH:  0    Dex: 14      Spells: 6/7 levels left

rFire   . . .        Y - +2 sling
rCold   . . .        (no shield)
rNeg    + . .        g - +0 ring mail
rPois   inf          (no helmet)
rElec   +            (no cloak)
rCorr   .            (no gloves)
SInv    .            (no boots)
Will    .....        (no amulet)
Stlth   +            (no ring)
HPRegen 0.26/turn    (no ring)
MPRegen 0.10/turn

%: no passive effects
@: no status effects
A: sickness immunity, AC +4, negative energy resistance 1, electricity
resistance, torment resistance 1, petrification resistance
a: no special abilities


You were on level 4 of the Dungeon.
You visited 1 branch of the dungeon, and saw 4 of its levels.

You collected 195 gold pieces.


Innate Abilities, Weirdness & Mutations

You are immune to sickness and miasma.
Your stone body is resilient. (AC +4)
You are immune to poison.
You resist negative energy. (rN+)
You are resistant to electric shocks. (rElec)
You are resistant to unholy torment.
You are immune to petrification.


   Skills:
 - Level 3.1 Fighting
 + Level 5.9 Ranged Weapons
 - Level 1.3 Armour
 - Level 1.5 Dodging
 - Level 1.0 Spellcasting
 - Level 2.6 Hexes


You had 6 spell levels left.
You knew the following spells:

 Your Spells              Type           Power      Damage    Failure   Level
a - Slow                  Hex            28%        N/A       22%         1

Your spell library contained the following spells:

 Spells                   Type           Power      Damage    Failure   Level
 Inner Flame              Hex/Fire       4%         N/A       75%         3
 Portal Projectile        Hex/Tloc       8%         N/A       75%         3
 Cause Fear               Hex            3%         N/A       91%         4

Inventory:

Hand Weapons
 Y - a +2 sling (weapon)
Armour
 a - a +0 pair of gloves
 g - a +0 ring mail (worn)
Jewellery
 i - a ring of fire
Scrolls
 f - 2 scrolls of identify
 k - 3 scrolls of summoning {unknown}
Potions
 b - a potion of haste {unknown}
 c - a potion of heal wounds {unknown}
 d - 2 potions of curing {unknown}
 e - 3 potions of lignification {unknown}
 h - a potion of enlightenment {unknown}
 j - a potion of brilliance {unknown}

Dungeon Overview and Level Annotations

Branches:
Dungeon (4/15)
 Temple: D:4-7

Altars:
Cheibriados
Gozag
Zin

Shops:
D:2 (   D:4 *

Annotations:
D:4 Menkaure


Message History

Enter note:
Enter note:
Enter note:
Enter note:
Enter note:
Enter note:
2786 ||| FLEEEEING.
A quokka comes into view.
Enter note:
Enter note:
Enter note:
Enter note:
Enter note:
Enter note:
Enter note:
Enter note:
Enter note: You shoot a sling bullet.
The sling bullet closely misses the quokka.
You shoot a sling bullet.
The sling bullet hits the quokka but does no damage.
Menkaure casts a spell at you. Pain shoots through your body!
You shoot a sling bullet.
The sling bullet barely misses the quokka.
The quokka bites you. The quokka barely misses you.
You shoot a sling bullet. The sling bullet misses the quokka.
The quokka bites you but does no damage.
You shoot a sling bullet. The sling bullet hits Menkaure.
Menkaure is lightly damaged.
The quokka bites you but does no damage.
Menkaure casts a spell at you.
You barely resist.
The quokka bites you but does no damage.
You shoot a sling bullet. The sling bullet hits Menkaure.
Menkaure is moderately damaged.
Menkaure hits you!!
Ouch! That really hurt!
The quokka bites you. Menkaure hits you.
You die...

###.......###.###
#.###...##..# ###
#..#..#....#### #...
#....##.#<....# #...
###.#..##....##.# #....
#.......###..##..
#....##....)..#........
#....r.................
..#@.......#......##
##M...............
#.......)..#[....
#.......^........
##......?#........
#.................
#..\!##..###.......
#<\\\# .## .#.)...
#..\.. ....###.....


You could see Menkaure (fast) and a quokka.

Vanquished Creatures
  2 scorpions
  A hound (D:4)
  A jelly (D:4)
  An iguana (D:4)
  8 adders
  4 worms
  3 dart slugs
  6 ball pythons
  6 endoplasms
  3 giant cockroaches
  12 goblins
  7 hobgoblins
  8 kobolds
  2 quokkas (D:1)
  5 bats
  6 frilled lizards
  6 rats
81 creatures vanquished.

Notes
Turn   | Place    | Note
-------+----------+-------------------------------------------
     0 | D:1      | qw the Gargoyle Hexslinger began the quest for the Orb.
     0 | D:1      | Reached XP level 1. HP: 12/12 MP: 2/2
     0 | D:1      | 0 ||| qw: Version: 0.3-a-52-g30416fa
     0 | D:1      | 0 ||| qw: Game counter: 6402
     0 | D:1      | 0 ||| qw: Melee chars always use a shield: true
     0 | D:1      | 0 ||| qw: God list: Okawaru
     0 | D:1      | 0 ||| qw: Allow faded altars: false
     0 | D:1      | 0 ||| qw: Do Orc after clearing Dungeon:15 true
     0 | D:1      | 0 ||| qw: Do second Lair branch before Depths: true
     0 | D:1      | 0 ||| qw: Lair rune preference: random
     0 | D:1      | 0 ||| qw: Goals: Normal
     0 | D:1      | 0 ||| PLANNING D:1-11
    81 | D:1      | Reached XP level 2. HP: 9/16 MP: 3/3
   317 | D:1      | Reached skill level 3 in Ranged Weapons
   671 | D:1      | Reached XP level 3. HP: 15/21 MP: 4/4
   901 | D:1      | 901 ||| UPGRADING to +0 ring mail.
   911 | D:1      | 911 ||| DROPPING +0 robe.
   912 | D:1      | 912 ||| READING scroll labelled GOTEDO JEEZEN.
   913 | D:1      | 913 ||| READING scroll labelled QITOIFYTUI.
   914 | D:1      | 914 ||| READING scroll labelled AWYBAE DASMYRCHU.
   915 | D:1      | 915 ||| DROPPING scroll of poison.
  1240 | D:2      | HP: 5/21 [adder (1)]
  1242 | D:2      | HP: 1/21 [adder (3)]
  1330 | D:2      | Found Hesosuj's Antique Weapon Shop.
  1337 | D:2      | 1337 ||| SHOPLISTING glowing orcbow (169 gold, have 74).
  1351 | D:2      | Reached skill level 4 in Ranged Weapons
  1351 | D:2      | Reached XP level 4. HP: 19/26 MP: 5/5
  1378 | D:2      | Found an opulent altar of Gozag.
  1458 | D:2      | Found a faded altar of an unknown god.
  1538 | D:2      | Reached skill level 1 in Armour
  1710 | D:2      | 1710 ||| READING scroll labelled DYSEYM MONT.
  1711 | D:2      | 1711 ||| READING 2 scrolls labelled ZANICE SUMEHUD.
  1712 | D:2      | 1712 ||| READING scroll labelled XUTETI HOCSOGOG.
  1713 | D:2      | 1713 ||| READING scroll labelled JIGUGU IZXOPH.
  1714 | D:2      | 1714 ||| READING scroll labelled KUALONL SEVALU.
  1717 | D:2      | 1717 ||| DRINKING 2 sapphire potions.
  1718 | D:2      | 1718 ||| DROPPING scroll of blinking.
  1719 | D:2      | 1719 ||| DROPPING potion of degeneration.
  1760 | D:3      | Found a snail-covered altar of Cheibriados.
  2019 | D:3      | Reached XP level 5. HP: 30/30 MP: 6/6
  2122 | D:3      | Reached skill level 5 in Ranged Weapons
  2357 | D:3      | 2357 ||| READING scroll labelled NOKEVV DYMO.
  2455 | D:4      | Reached skill level 3 in Fighting
  2455 | D:4      | Reached XP level 6. HP: 34/37 MP: 7/7
  2661 | D:4      | Found a glowing silver altar of Zin.
  2774 | D:4      | Found Veegubba's Assorted Antiques.
  2779 | D:4      | Noticed Menkaure
  2782 | D:4      | 2782 ||| FLEEEEING.
  2783 | D:4      | 2783 ||| FLEEEEING.
  2784 | D:4      | 2784 ||| FLEEEEING.
  2785 | D:4      | 2785 ||| FLEEEEING.
  2786 | D:4      | 2786 ||| FLEEEEING.
  2792 | D:4      | HP: 4/37 [Menkaure (20)]
  2792 | D:4      | Slain by Menkaure

Levels and vault maps discovered:
D:1:      minmay_arrival_jagged, layout_loops_ring, minmay_misc_feat_ornament
D:2:      minmay_razor_zed, layout_rooms, basic_altar,
          shapermc_ecumenical_altar_mp_highgroup, serial_shops, shop
D:3:      layout_loops_ring, mainiacjoe_overflow_alcove_1
D:4:      layout_rooms, mainiacjoe_overflow_alcove_4, serial_shops,
          nicolae_shop_dealshenge, uniq_menkaure

Skill      XL: |  1  2  3  4  5 |
---------------+----------------+-----
Ranged Weapons | 3 4 5 |  5.9
Fighting       | 2 3 |  3.1
Armour         | 1 |  1.3
Dodging        | |  1.5
Spellcasting   | |  1.0
Hexes          | |  2.6

Action                     |  1- 3 |  4- 6 || total
---------------------------+-------+-------++-------
   Fire: Sling             |   157 |   189 ||   346
    Use: Scroll            |     3 |     6 ||     9
         Potion            |       |     1 ||     1
 Armour: Robe              |    22 |       ||    22
         Ring mail         |    38 |    46 ||    84
  Dodge: Dodged            |    77 |    85 ||   162

Table legend:
 A = Non-vault XP
 B = Vault XP
 C = Vault XP percentage of total XP
 D = Non-vault monster count
 E = Vault monster count
 F = Vault count percentage of total count
                 A         B        C        D         E       F
            +---------+---------+-------+---------+---------+-------
      Total |     450 |      35 |   7.2 |      75 |       6 |   7.4
            +---------+---------+-------+---------+---------+-------
        D:1 |      37 |       0 |   0.0 |      22 |       0 |   0.0
        D:2 |      73 |      35 |  32.4 |      19 |       6 |  24.0
        D:3 |     130 |       0 |   0.0 |      19 |       0 |   0.0
        D:4 |     210 |       0 |   0.0 |      15 |       0 |   0.0
            +---------+---------+-------+---------+---------+-------
